 Dungeon Crawl Stone Soup version 0.30-a0-172-gc5509c9e31 (webtiles) character file.

Game seed: 15507163608199633891

2286 gnomenasai the Martial Artist (level 9, -1/62 (68) HPs)
             Began as a Gnoll Transmuter on Oct 1, 2022.
             Was a High Priest of Ignis.
             Slain by a wight
             ... wielding a +5 morningstar
              (5 damage)
             ... on level 8 of the Dungeon.
             The game lasted 00:24:42 (6226 turns).

gnomenasai the Martial Artist (Gnoll Transmuter)    Turns: 6226, Time: 00:24:44

HP:   -1/62 (68)    AC:  2    Str: 10    XL:     9   Next: 39%
MP:   12/19         EV: 23    Int: 23    God:    Ignis [*****.]
Gold: 258           SH:  0    Dex: 17    Spells: 15/21 levels left

rFire   + . .      SeeInvis .      - Unarmed
rCold   . . .      Faith    .    (shield currently unavailable)
rNeg    . . .      Spirit   .    (body armour currently unavailable)
rPois   x          Reflect  .    (helmet currently unavailable)
rElec   .          Harm     .    (cloak currently unavailable)
rCorr   .          Rampage  .    (gloves currently unavailable)
Will    .....                    (boots currently unavailable)
Stlth   +++.......               o - amulet of regeneration
HPRegen 1.10/turn                u - +6 ring of intelligence
MPRegen 0.16/turn                (no ring)

@: spider-form, wereblooded, very slightly contaminated, drained
A: venomous fangs, tiny, (fangs 1), strong nose, distributed training
a: End Transformation, Renounce Religion, Fiery Armour, Foxfire Swarm, Rising
Flame


You were on level 8 of the Dungeon.
You worshipped Ignis.
Ignis was extremely pleased with you.
You were a venomous arachnid creature.
You visited 1 branch of the dungeon, and saw 8 of its levels.

You collected 328 gold pieces.
You spent 70 gold pieces at shops.

Inventory:

Hand Weapons
 v - a +4 dagger (melded)
Missiles
 k - 24 poisoned darts
Armour
 a - a +0 robe (melded)
 c - a scarf of invisibility (melded)
 n - a +0 pair of boots (melded)
Magical Staves
 e - a staff of conjuration
Jewellery
 h - a ring of fire
 o - an amulet of regeneration (around neck)
 u - a +6 ring of intelligence (left front leg)
 z - an amulet of guardian spirit
 B - a ring of willpower
 F - a ring of protection from fire
Wands
 G - a wand of charming (5)
Scrolls
 d - 2 scrolls of teleportation
 f - 2 scrolls of identify
 l - 2 scrolls of enchant armour
 m - 2 scrolls of noise
 q - a scroll of torment
 s - 2 scrolls of silence {unknown}
 w - 2 scrolls of poison
 x - a scroll of magic mapping {unknown}
 y - 2 scrolls of amnesia
 A - 2 scrolls of butterflies
 C - a scroll of acquirement {unknown}
 D - 2 scrolls of brand weapon
 E - a scroll of enchant weapon {unknown}
Potions
 b - 4 potions of lignification
 g - 2 potions of haste
 i - 5 potions of curing
 j - a potion of might
 p - 6 potions of flight
 r - 3 potions of ambrosia {unknown}
 t - 3 potions of heal wounds


   Skills:
 + Level 5.1 Fighting
 + Level 4.3 Short Blades
 + Level 4.3 Long Blades
 + Level 4.3 Axes
 + Level 4.3 Maces & Flails
 + Level 4.3 Polearms
 + Level 4.3 Staves
 + Level 4.3 Ranged Weapons
 + Level 4.3 Throwing
 + Level 4.3 Armour
 + Level 6.4 Dodging
 + Level 4.3 Stealth
 + Level 4.3 Shields
 + Level 8.0 Unarmed Combat
 + Level 6.7 Spellcasting
 + Level 3.6 Conjurations
 + Level 3.6 Hexes
 + Level 3.6 Summonings
 + Level 3.6 Necromancy
 + Level 3.6 Translocations
 + Level 5.3 Transmutations
 + Level 3.6 Fire Magic
 + Level 3.6 Ice Magic
 + Level 3.6 Air Magic
 + Level 3.6 Earth Magic
 + Level 3.6 Poison Magic
 + Level 4.8 Invocations
 + Level 4.3 Evocations


You had 15 spell levels left.
You knew the following spells:

 Your Spells              Type           Power      Damage    Failure   Level
a - Beastly Appendage     Tmut           64%        N/A       4%          1
b - Wereblood             Tmut           32%        N/A       6%          2
c - Spider Form           Tmut/Pois      28%        N/A       12%         3

Your spell library contained the following spells:

 Spells                   Type           Power      Damage    Failure   Level
 Apportation              Tloc           48%        N/A       8%          1
 Necrotise                Necr           96%        1d8       8%          1
 Summon Small Mammal      Summ           96%        N/A       8%          1
 Ice Form                 Ice/Tmut       28%        N/A       30%         4
 Blade Hands              Tmut           16%        N/A       45%         5
 Alistair's Intoxication  Tmut/Pois      18%        N/A       56%         5
 Irradiate                Conj/Tmut      14%        3d16      56%         5
 Summon Forest            Summ/Tloc      12%        N/A       67%         5
 Eringya's Noxious Bog    Tmut/Pois      14%        N/A       97%         6
 Dragon Form              Tmut           16%        N/A       100%        7
 Summon Hydra             Summ           12%        N/A       100%        7


Dungeon Overview and Level Annotations

Branches:
Dungeon (8/15)             Temple (0/1) D:6
   Lair: D:8-11

Altars:
Ashenzari
Gozag
Kikubaaqudgha
Nemelex Xobeh
Okawaru
Qazlal
Ru
Trog
Ignis

Shops:
D:3 (   D:5 !   D:7 **

Portals:
Abyss: D:7

Annotations:
D:7 2 transporters, valliere's ghost, novice KoEn


Innate Abilities, Weirdness & Mutations

You are a venomous arachnid creature.
You have poisonous fangs.
You are tiny and dextrous.
Your spellcasting is less reliable in this form.
Your armour is entirely melded.
You are incapable of wielding weapons or throwing items.
((You have very sharp teeth.))
Your uncanny sense of smell can sniff out nearby items.
Your experience applies equally to all skills.


Message History

The wight hits you with a +3 morningstar!
You feel drained.
You barely miss the wight. The wight barely misses you.
You hit the wight. You bite the wight, but do no damage.
The wight is moderately damaged.
The wight closely misses you.
A wight comes into view. It is wielding a +3 falchion.
You hit the wight. Your bite misses the wight.
The wight is moderately damaged.
You closely miss the wight.
The wight is moderately damaged.
The wight hits you with a +5 morningstar!
The wight barely misses you.
Casting: Spider Form (dangerous; 3% risk of failure)
Confirm with . or Enter, or press ? or * to list all spells.
You turn into a venomous arachnid creature.
Your +4 dagger melds into your body.
Your scarf of invisibility melds into your body.
Your +0 pair of boots melds into your body.
Your +0 robe melds into your body.
A bullfrog comes into view.
The wight barely misses you. The wight closely misses you.
The wight misses you.
The bullfrog moves out of view.
The wight attacks as you move away! The wight misses you.
The wight attacks as you move away!
The wight hits you with a +5 morningstar!
An orc wizard comes into view. It is wielding a +0 dagger.
There is a stone staircase leading up here.
You bite the wight!
The wight is almost destroyed.
The wight barely misses you. The wight completely misses you.
The wight hits you with a +5 morningstar!
* * * LOW HITPOINT WARNING * * *
You hit the wight.
You feel a bit better.
You destroy the wight!
The wight misses you.
The wight hits you with a +5 morningstar!
* * * LOW HITPOINT WARNING * * *
You feel drained.
You die...

#....
###''''##########
........).........
~≈~....o~≈~~~~~~~~
≈~~....~≈≈≈≈≈≈≈≈≈≈
~≈~....~~~~~~~≈~~~
........[.........
>......[†)........
#####..)s)....##
#...zz.##.#
#...z..# #
#.........#
######.##.# ..F #
.... ...... ∆
......


You could see a bullfrog (wandering), 3 wights and an orc wizard.

Vanquished Creatures
  2 steam dragons (D:5)
  3 ice beasts
  A sky beast (D:7)
  A black bear (D:6)
  An ogre (D:4)
  A kobold brigand (D:6)
  A gnoll sergeant (D:8)
  A bullfrog (D:8)
  6 wights
  A killer bee (D:4)
  3 howler monkeys (D:8)
  3 hounds
  2 orc priests
  2 gnoll boudas
  4 jellies
  Jessica (D:2)
  Terence (D:2)
  4 iguanas
  Natasha (thrice) (D:3)
  An orc wizard (D:5)
  9 gnolls
  5 adders
  2 white imps (D:6)
  2 ufetubi (D:5)
  6 worms
  5 dart slugs
  11 orcs
  6 ball pythons
  6 endoplasms
  5 giant cockroaches
  11 goblins
  9 hobgoblins
  3 jackals (D:1)
  2 quokkas
  5 bats
  8 frilled lizards
  12 kobolds
  7 rats
156 creatures vanquished.

Vanquished Creatures (others)
  14 fungi
  5 plants (D:8)
19 creatures vanquished.

Grand Total: 175 creatures vanquished

Notes
Turn   | Place    | Note
-------+----------+-------------------------------------------
     0 | D:1      | gnomenasai the Gnoll Transmuter began the quest for the
                  | Orb.
     0 | D:1      | Reached XP level 1. HP: 17/17 MP: 6/6
    97 | D:1      | Reached XP level 2. HP: 19/23 MP: 7/7
   100 | D:1      | Learned a level 2 spell: Wereblood
   469 | D:1      | Reached skill level 5 in Spellcasting
   469 | D:1      | Reached XP level 3. HP: 28/28 MP: 6/9
   515 | D:1      | Learned a level 3 spell: Spider Form
   664 | D:1      | Reached skill level 1 in Invocations
  1169 | D:2      | Reached skill level 1 in Short Blades
  1169 | D:2      | Reached skill level 1 in Long Blades
  1169 | D:2      | Reached skill level 1 in Axes
  1169 | D:2      | Reached skill level 1 in Maces & Flails
  1169 | D:2      | Reached skill level 1 in Polearms
  1169 | D:2      | Reached skill level 1 in Staves
  1169 | D:2      | Reached skill level 1 in Ranged Weapons
  1169 | D:2      | Reached skill level 1 in Throwing
  1169 | D:2      | Reached skill level 1 in Armour
  1169 | D:2      | Reached skill level 1 in Stealth
  1169 | D:2      | Reached skill level 1 in Shields
  1169 | D:2      | Reached skill level 1 in Evocations
  1225 | D:2      | Noticed Jessica
  1234 | D:2      | Killed Jessica
  1235 | D:2      | Reached XP level 4. HP: 30/34 MP: 3/11
  1348 | D:2      | Reached skill level 1 in Conjurations
  1348 | D:2      | Reached skill level 1 in Hexes
  1348 | D:2      | Reached skill level 1 in Summonings
  1348 | D:2      | Reached skill level 1 in Necromancy
  1348 | D:2      | Reached skill level 1 in Translocations
  1348 | D:2      | Reached skill level 1 in Fire Magic
  1348 | D:2      | Reached skill level 1 in Ice Magic
  1348 | D:2      | Reached skill level 1 in Air Magic
  1348 | D:2      | Reached skill level 1 in Earth Magic
  1348 | D:2      | Reached skill level 1 in Poison Magic
  1523 | D:2      | Noticed Terence
  1561 | D:2      | Killed Terence
  1562 | D:2      | Reached XP level 5. HP: 35/40 MP: 9/12
  1610 | D:2      | Found a faded altar of an unknown god.
  1627 | D:2      | Prayed at the altar of an unknown god.
  1627 | D:2      | Became a worshipper of Ignis, the Dying Flame
  1852 | D:3      | Noticed Natasha
  1852 | D:3      | Found Akyirgh's Antique Weapon Boutique.
  1857 | D:3      | Killed Natasha
  1927 | D:3      | Noticed Natasha
  1939 | D:3      | Killed Natasha
  1943 | D:3      | Noticed Natasha
  1948 | D:3      | Killed Natasha
  2193 | D:3      | Reached XP level 6. HP: 47/47 MP: 6/13
  2273 | D:3      | Reached skill level 5 in Dodging
  2544 | D:4      | Found a sparkling altar of Nemelex Xobeh.
  2544 | D:4      | Found a transporter.
  2952 | D:4      | Found an iron altar of Okawaru.
  2973 | D:4      | Found a stormy altar of Qazlal.
  3157 | D:4      | Found a sacrificial altar of Ru.
  3317 | D:5      | Entered Level 5 of the Dungeon
  3324 | D:5      | Reached skill level 7 in Unarmed Combat
  3324 | D:5      | Reached XP level 7. HP: 51/52 MP: 11/15
  3480 | D:5      | Found Suqemuto's Distillery.
  3488 | D:5      | Bought a potion of heal wounds for 70 gold pieces
  4134 | D:5      | Found a broken altar of Ashenzari.
  4134 | D:5      | Found an ancient bone altar of Kikubaaqudgha.
  4465 | D:5      | Noticed a steam dragon
  4469 | D:5      | Noticed a steam dragon
  4485 | D:5      | Killed a steam dragon
  4485 | D:5      | Killed a steam dragon
  4486 | D:5      | Reached XP level 8. HP: 40/60 MP: 14/17
  4999 | D:6      | Noticed a moth of wrath
  5011 | D:6      | Found a bloodstained altar of Trog.
  5115 | D:6      | Reached skill level 5 in Transmutations
  5254 | D:6      | Found a staircase to the Ecumenical Temple.
  5518 | D:7      | Found Wati Mas's Specific Store.
  5520 | D:7      | Found Rilyneg's General Store.
  5520 | D:7      | Identified the +1 plate armour of Free Will {Str+3}
  5579 | D:7      | Found a transporter.
  5660 | D:7      | Noticed valliere's ghost (novice KoEn)
  5691 | D:7      | Found a transporter.
  5711 | D:7      | Found an opulent altar of Gozag.
  5781 | D:7      | Reached XP level 9. HP: 59/67 MP: 15/18
  5819 | D:7      | Found a one-way gate to the infinite horrors of the Abyss.
  5829 | D:7      | Noticed an orange demon
  5967 | D:7      | Reached skill level 5 in Fighting
  6191 | D:8      | Reached skill level 8 in Unarmed Combat
  6226 | D:8      | Slain by a wight

Illustrated notes

Levels and vault maps discovered:
D:1:      minmay_arrival_radiant_lines, layout_loops_ring
D:2:      layout_basic, ebering_ecumenical_altar_sacrificial, uniq_jessica,
          uniq_terence
D:3:      layout_rooms, serial_shops, shop, uniq_natasha
D:4:      layout_basic, grunt_nemelex_the_gamble,
          mainiacjoe_overflow_catwalk_spiral, nicolae_ru_the_path_less_chosen
D:5:      kennysheep_steamy, layout_basic, gammafunk_temple_overflow_wave,
          serial_shops, shop
D:6:      minmay_general_purpose_star, layout_cave_pools, tgw_trog,
          minmay_temple_entry_steel_oval
D:7:      layout_gridville, grunt_gozag_statues, gammafunk_ghost_abyssal_escape,
          nicolae_specific_store
D:8:      lemuel_castle_with_subvaults [lemuel_castle_interior_carwin_3],
          layout_basic, grunt_lair_entry_orc_guard_hut, serial_bayou_ford_a,
          chequers_avenue, nicolae_diode_basic

Skill      XL: |  1  2  3  4  5  6  7  8  9 |
---------------+----------------------------+-----
Spellcasting   | 5 6 |  6.7
Invocations    | 1 2 3 4 |  4.8
Short Blades   | 1 2 3 4 |  4.3
Long Blades    | 1 2 3 4 |  4.3
Axes           | 1 2 3 4 |  4.3
Maces & Flails | 1 2 3 4 |  4.3
Polearms       | 1 2 3 4 |  4.3
Staves         | 1 2 3 4 |  4.3
Ranged Weapons | 1 2 3 4 |  4.3
Throwing       | 1 2 3 4 |  4.3
Armour         | 1 2 3 4 |  4.3
Stealth        | 1 2 3 4 |  4.3
Shields        | 1 2 3 4 |  4.3
Evocations     | 1 2 3 4 |  4.3
Conjurations   | 1 2 3 |  3.6
Hexes          | 1 2 3 |  3.6
Summonings     | 1 2 3 |  3.6
Necromancy     | 1 2 3 |  3.6
Translocations | 1 2 3 |  3.6
Fire Magic     | 1 2 3 |  3.6
Ice Magic      | 1 2 3 |  3.6
Air Magic      | 1 2 3 |  3.6
Earth Magic    | 1 2 3 |  3.6
Poison Magic   | 1 2 3 |  3.6
Fighting       | 3 4 5 |  5.1
Transmutations | 4 5 |  5.3
Dodging        | 5 6 |  6.4
Unarmed Combat | 7 8 |  8.0

Action                   |  1- 3 |  4- 6 |  7- 9 || total
-------------------------+-------+-------+-------++-------
Melee: Unarmed           |    17 |    99 |   222 ||   338
       Dagger            |    93 |    31 |     7 ||   131
       Headbutt          |    15 |     3 |       ||    18
       Kick              |    12 |    12 |       ||    24
       Bite              |     8 |     2 |     1 ||    11
       Punch             |     5 |     3 |       ||     8
 Cast: Beastly Appendage |    25 |     6 |     1 ||    32
       Wereblood         |     3 |     2 |     6 ||    11
       Spider Form       |     2 |    24 |    26 ||    52
Invok: Fiery Armour      |       |       |     1 ||     1
  Use: Scroll            |       |     7 |     6 ||    13
 Stab: Sleeping          |       |     2 |     6 ||     8
Armor: Robe              |    22 |     3 |     2 ||    27
       Skin              |       |     8 |    10 ||    18
Dodge: Dodged            |    90 |   100 |   282 ||   472

Table legend: (Time is in decaauts)
 A = Elapsed time spent in this place.
 B = Non-inter-level travel time spent in this place.
 C = Inter-level travel time spent in this place.
 D = Time resting spent in this place.
 E = Time spent auto-exploring this place.
 F = Levels seen in this place.
 G = Mean time per level.
                   A        B        C        D        E       F      G
               +--------+--------+--------+--------+--------+-----+--------+
         Total |   6188 |   5962 |    226 |    645 |   3680 |   8 |  773.5 |
       Dungeon |   6188 |   5962 |    226 |    645 |   3680 |   8 |  773.5 |
               +--------+--------+--------+--------+--------+-----+--------+

Top non-repeatable levels by time:
     D:5: 1406 daAuts
     D:2: 941 daAuts
     D:1: 901 daAuts
     D:4: 806 daAuts
     D:6: 754 daAuts
     D:7: 662 daAuts
     D:3: 661 daAuts
     D:8: 55 daAuts
